 Dungeon Crawl Stone Soup version 0.30-a0-918-g0ff054e9dc (webtiles) character file.

Game seed: 15541865777061521652

416 Barriton the Firebug (level 6, -12/44 (46) HPs)
             Began as a Draconian Fire Elementalist on Mar 20, 2023.
             Killed by nerve-wracking pain
             ... invoked by an orc priest
              (13 damage)
             ... on level 3 of the Dungeon.
             The game lasted 00:05:36 (2813 turns).

Barriton the Firebug (Draconian Fire Elementalist)  Turns: 2813, Time: 00:05:37

HP:   -12/44 (46)   AC:  6    Str: 10    XL:     6   Next: 60%
MP:   12/12         EV: 12    Int: 23    God:
Gold: 78            SH:  0    Dex: 12    Spells: 10/13 levels left

rFire   + . .      SeeInvis .    (no weapon)
rCold   . . .      Faith    .    (no shield)
rNeg    . . .      Spirit   .    (body armour unavailable)
rPois   .          Reflect  .    (helmet restricted)
rElec   .          Rampage  .    (no cloak)
rCorr   .                        (no gloves)
Will    .....                    (no boots)
Stlth   ++                       (no amulet)
HPRegen 0.27/turn                l - +6 ring of intelligence
MPRegen 0.13/turn                m - ring of protection from fire

@: lightly drained
A: AC +6, unfitting armour, cold-blooded
a: no special abilities


You were on level 3 of the Dungeon.
You visited 1 branch of the dungeon, and saw 4 of its levels.

You collected 78 gold pieces.

Inventory:

Hand Weapons
 e - the +3 spear of Bedoexit {venom, rC+ rCorr}
   (You found it on level 3 of the Dungeon)

   rC:        It protects you from cold.
   rCorr:     It protects you from acid and corrosion.
Missiles
 d - a throwing net
Jewellery
 h - a +4 ring of slaying
 l - a +6 ring of intelligence (left hand)
 m - a ring of protection from fire (right hand)
Scrolls
 i - a scroll of identify
Potions
 a - a potion of berserk rage {unknown}
 b - 4 potions of curing
 c - a potion of heal wounds {unknown}
 f - a potion of resistance {unknown}
 g - a potion of degeneration {unknown}
 j - 2 potions of haste {unknown}


   Skills:
 + Level 0.8 Fighting
 + Level 2.3 Dodging
 + Level 2.2 Stealth
 + Level 0.6 Unarmed Combat
 + Level 4.2 Spellcasting
 + Level 2.5 Conjurations
 + Level 5.0 Fire Magic


You had 10 spell levels left.
You knew the following spells:

 Your Spells              Type           Power      Damage    Failure   Level
a - Foxfire               Conj/Fire      88%        2x1d8     2%          1
b - Scorch                Fire           56%        2d7       1%          2

Your spell library contained the following spells:

 Spells                   Type           Power      Damage    Failure   Level
 Inner Flame              Hex/Fire       16%        N/A       11%         3
 Kindle Blastsparks       Fire/Tloc/Air  24%        2d12      16%         3
 Flame Wave               Conj/Fire      22%        2d8       22%         4


Dungeon Overview and Level Annotations

Branches:
Dungeon (4/15)
 Temple: D:4-7

Altars:
Okawaru

Shops:
D:2 (:*


Innate Abilities, Weirdness & Mutations

Your plain brown scales are hard. (AC +6)
You cannot fit into any form of body armour.
You are cold-blooded and may be slowed by cold attacks.


Message History

Something hits you.
You hear some strange, mumbled words.
You are confused.
The orc priest calls down the wrath of Beogh upon you.
Beogh smites you!
You hear some strange, mumbled words.
Something tries to affect you, but you resist.
The orc wizard points at you and mumbles some strange words.
The magic dart hits you!
* * * LOW HITPOINT WARNING * * *
You bump into the rock wall.
You bump into the rock wall.
Magic courses through your body. Something hits you but does no damage.
Something hits you but does no damage.
You feel less confused.
You hear some strange, mumbled words.
You are confused.
You're too confused to cast spells.
You bump into the rock wall.
A magic dart appears from out of thin air!
The magic dart hits you.
* * * LOW HITPOINT WARNING * * *
You're too confused to cast spells.
You barely miss the orc wizard. The orc priest barely misses you.
The orc wizard barely misses you.
You're too confused to move!
The orc priest barely misses you.
The orc wizard hits you with a +0 war axe!
* * * LOW HITPOINT WARNING * * *
You're too confused to cast spells.
You hit the orc priest. You tail-slap the orc priest.
The orc priest is moderately wounded.
The orc priest hits you but does no damage.
You feel drained.
The orc wizard hits you but does no damage.
You're too confused to cast spells.
You're too confused to move!
You feel less confused.
The orc priest calls down the wrath of Beogh upon you.
Pain shoots through your body!
You die...

.##.##.....#..#####.#
....##.#.#.#..#####.###
.....†................#
###.##.###.#.######.#.#
#.##.....#.# #.#.#
###.########.# #.#.# ....# #.#
#.#.### ###.# ######.....## .#
#.# #{o@....#...###.# #<#
#o##o..###†.....#
###.########.#.#.............#
#............#....#.).).#....###
#>#.#####.###....##.._..##......
..#.# #.##.o#.)...#....## .....
#. #.............## .<..#+ #.
##..o###........# ##### #.
##...#...#####.#


You could see an orc priest, an orc wizard and an orc.

Vanquished Creatures
  Sigmund (D:4)
  Crazy Yiuf (D:2)
  An iguana (D:4)
  A sleepcap (D:4)
  Natasha (thrice) (D:3)
  An adder (D:2)
  2 ufetubi (D:4)
  A worm (D:2)
  2 dart slugs
  2 orcs
  A ball python (D:1)
  5 endoplasms
  4 giant cockroaches
  7 goblins
  5 hobgoblins
  5 jackals
  7 kobolds
  5 quokkas
  2 bats
  2 frilled lizards
  3 rats
61 creatures vanquished.

Vanquished Creatures (others)
  169 foxfires
169 creatures vanquished.

Grand Total: 230 creatures vanquished

Notes
Turn   | Place    | Note
-------+----------+-------------------------------------------
     0 | D:1      | Barriton the Draconian Fire Elementalist began the quest
                  | for the Orb.
     0 | D:1      | Reached XP level 1. HP: 14/14 MP: 3/3
   212 | D:1      | Reached XP level 2. HP: 20/20 MP: 0/5
   219 | D:1      | Learned a level 2 spell: Scorch
   893 | D:2      | Found Voumeh's General Store.
   897 | D:2      | Reached XP level 3. HP: 26/26 MP: 3/6
  1248 | D:2      | Found Xasaedar's Weapon Shoppe.
  1267 | D:2      | Found Umikuy's Book Boutique.
  1483 | D:2      | You fall into a shaft and drop 2 floors!
  1513 | D:4      | Reached XP level 4. HP: 18/34 MP: 2/7
  1610 | D:4      | Reached skill level 4 in Fire Magic
  1745 | D:4      | Noticed Sigmund
  1748 | D:4      | Killed Sigmund
  1749 | D:4      | Reached XP level 5. HP: 37/39 MP: 2/10
  1749 | D:4      | Reached XP level 6. HP: 44/46 MP: 2/11
  2134 | D:2      | Found a runed translucent door.
  2135 | D:2      | Noticed Crazy Yiuf
  2136 | D:2      | Identified the +6 hammer "Fac Gidd" {drain, rCorr}
  2464 | D:2      | Killed Crazy Yiuf
  2628 | D:3      | Noticed Natasha
  2631 | D:3      | Killed Natasha
  2667 | D:3      | Noticed Natasha
  2669 | D:3      | Killed Natasha
  2707 | D:3      | Reached skill level 5 in Fire Magic
  2755 | D:3      | Found an iron altar of Okawaru.
  2760 | D:3      | Identified the +3 spear of Bedoexit {venom, rC+ rCorr}
  2778 | D:3      | Noticed Natasha
  2783 | D:3      | Killed Natasha
  2811 | D:3      | HP: 1/46 [orc wizard/+0 war axe (7)]
  2813 | D:3      | Killed from afar by an orc priest

Illustrated notes

Levels and vault maps discovered:
D:1:      mrwooster_arrival_statue, layout_rooms
D:2:      layout_basic, serial_shops, nicolae_shop_advertising_works
          [nicolae_subvault_shop_adworks], shop, shop, uniq_crazy_yiuf_cottage
D:3:      layout_loops_ring, mainiacjoe_overflow_small_starburst,
          okawaru_ov_weapons_minmay, mainiacjoe_overflow_six_doors_small,
          serial_shops, shop, uniq_natasha
D:4:      layout_gridville, portal_sewer_entry_d, uniq_sigmund

Skill      XL: |  1  2  3  4  5  6 |
---------------+-------------------+-----
Stealth        | 2 |  2.2
Dodging        | 2 |  2.3
Conjurations   | 2 |  2.5
Fire Magic     | 4 5 |  5.0
Spellcasting   | 3 4 |  4.2
Fighting       | |  0.8
Unarmed Combat | |  0.6

Action                     |  1- 3 |  4- 6 || total
---------------------------+-------+-------++-------
  Melee: Unarmed           |    38 |    11 ||    49
         Tailslap          |     8 |     3 ||    11
   Cast: Foxfire           |    82 |    19 ||   101
         Scorch            |     4 |    26 ||    30
    Use: Scroll            |     2 |     5 ||     7
         Potion            |     1 |     2 ||     3
 Armour: Skin              |    20 |     8 ||    28
  Dodge: Dodged            |    50 |    13 ||    63

Table legend: (Time is in decaauts)
 A = Elapsed time spent in this place.
 B = Non-inter-level travel time spent in this place.
 C = Inter-level travel time spent in this place.
 D = Time resting spent in this place.
 E = Time spent auto-exploring this place.
 F = Levels seen in this place.
 G = Mean time per level.
                   A        B        C        D        E       F      G
               +--------+--------+--------+--------+--------+-----+--------+
         Total |   2796 |   2744 |     52 |      0 |   2339 |   4 |  699.0 |
       Dungeon |   2796 |   2744 |     52 |      0 |   2339 |   4 |  699.0 |
               +--------+--------+--------+--------+--------+-----+--------+

Top non-repeatable levels by time:
     D:2: 1192 daAuts
     D:1: 891 daAuts
     D:4: 490 daAuts
     D:3: 222 daAuts
